 Dungeon Crawl Stone Soup version 0.31.0-11-ge490571c62 (webtiles) character file.

Game seed: 12922244876506635395

1519 qw the Skirmisher (level 8, -2/46 HPs)
             Began as a Deep Elf Hunter on Feb 4, 2024.
             Incinerated by a bombardier beetle (3 damage)
             ... with a burning spray
             ... on level 5 of the Dungeon.
             The game lasted 00:00:19 (4494 turns).

qw the Skirmisher (Deep Elf Hunter)                 Turns: 4494, Time: 00:00:19

Health: -2/46      AC: 10    Str:  7    XL:     8   Next: 54%
Magic:  10/10      EV: 12    Int: 15    God:
Gold:   201        SH:  0    Dex: 24    Spells: 7/7 levels left

rFire   . . .        b - +0 arbalest
rCold   . . .        (shield currently unavailable)
rNeg    . . .        l - +0 ring mail
rPois   +            r - +0 helmet of the Game of Life {rElec Will+++ Str-3 SInv}
rElec   +            e - +2 cloak
rCorr   .            t - +0 pair of gloves
SInv    +            (no boots)
Will    +++..        (no amulet)
Stlth   +            g - +6 ring of dexterity
HPRegen 0.27/turn    f - ring of poison resistance
MPRegen 0.12/turn

%: no passive effects
@: on fire, glowing
A: no striking features
a: no special abilities


You were on level 5 of the Dungeon.
You visited 1 branch of the dungeon, and saw 5 of its levels.

You collected 259 gold pieces.
You spent 58 gold pieces at shops.


   Skills:
 - Level 3.2 Fighting
 - Level 13.1 Ranged Weapons
 - Level 1.3 Armour
 + Level 4.5 Dodging
 - Level 1.2 Stealth


You had 7 spell levels left.
You didn't know any spells.
Your spell library was empty.

Inventory:

Hand Weapons
 b - a +0 arbalest (weapon)
Armour
 e - a +2 cloak (worn)
 l - a +0 ring mail (worn)
 p - a +0 helmet
 r - the +0 helmet of the Game of Life (worn) {rElec Will+++ Str-3 SInv}
   (You found it on level 4 of the Dungeon)

   Str-3:     It affects your strength (-3).
   rElec:     It insulates you from electricity.
   Will+++:   It greatly increases your willpower.
   SInv:      It lets you see invisible.
 t - a +0 pair of gloves (worn)
Jewellery
 f - a ring of poison resistance (right hand)
 g - a +6 ring of dexterity (left hand)
 u - a ring of positive energy
Wands
 q - a wand of flame (17)
Scrolls
 a - a scroll of amnesia {unknown}
 d - a scroll of teleportation
 i - a scroll of identify
Potions
 c - a potion of cancellation
 h - a potion of brilliance {unknown}
 k - a potion of enlightenment {unknown}
 m - a potion of curing {unknown}
 o - a potion of mutation {unknown}
 v - a potion of heal wounds {unknown}

Dungeon Overview and Level Annotations

Branches:
Dungeon (5/15)
 Temple: D:4-7

Altars:
Elyvilon
Ru
Uskayaw
Vehumet

Shops:
D:1 [   D:4 (


Message History

The bombardier beetle is moderately wounded.
You shoot a bolt.
The bolt barely misses the bombardier beetle.
You shoot a bolt.
The bolt barely misses the bombardier beetle.
You shoot a bolt. The bolt hits the bombardier beetle!
The bombardier beetle is severely wounded.
The bombardier beetle sprays incendiary fluid at you.
The burning spray hits you.
You are covered in liquid fire!
You shoot a bolt. The bolt hits the bombardier beetle!
You kill the bombardier beetle!
The liquid fire burns you!
You are on fire!
The liquid fire burns you!
You are on fire!
The liquid fire burns you!
You are on fire!
The liquid fire burns you!
You are on fire!
The liquid fire burns you!
You are on fire!
The liquid fire burns you!
You are on fire!
The liquid fire burns you!
You are on fire!
The liquid fire burns you!
You are on fire!
The liquid fire burns you!
You are on fire!
The liquid fire burns you!
You are on fire!
The liquid fire burns you!
You are on fire!
The liquid fire burns you!
You are on fire!
The liquid fire burns you!
You are on fire!
The liquid fire burns you!
You die...

#.####.....# #. #.#
###...# #. #.#
#...# #. #.#
#...### #.
#.######...... #.
#.##.......... #.
##.##.####>#.#.
#.###......###.#.#.
#.@............#.#.
#####.>.....####.#.
##...<..####.#.
#........##.#.
##.....#.##.#.
#.....#.##.#.
###.###.##.#. #.#
#.##.#. #.###.#....


There were no monsters in sight!

Vanquished Creatures
  Prince Ribbit (D:5)
  A black bear (D:4)
  2 ogres
  2 phantoms
  5 scorpions
  A howler monkey (D:5)
  2 bombardier beetles
  A jelly (D:4)
  A hound (D:4)
  A gnoll bouda (D:4)
  An orc priest (D:4)
  A sleepcap (D:4)
  4 iguanas
  2 orc wizards (D:4)
  7 gnolls
  6 adders
  A shadow imp (D:4)
  4 dart slugs
  11 orcs
  12 ball pythons
  13 endoplasms
  3 giant cockroaches
  7 goblins
  5 hobgoblins
  7 jackals
  7 quokkas
  6 bats
  4 frilled lizards
  5 kobolds
  3 rats
126 creatures vanquished.

Notes
Turn   | Place    | Note
-------+----------+-------------------------------------------
     0 | D:1      | qw the Deep Elf Hunter began the quest for the Orb.
     0 | D:1      | Reached XP level 1. HP: 12/12 MP: 3/3
     0 | D:1      | 0 ||| qw: Version: 0.3-a-160-g6735b56
     0 | D:1      | 0 ||| qw: Game counter: 5235
     0 | D:1      | 0 ||| qw: Melee chars always use a shield: true
     0 | D:1      | 0 ||| qw: God list: Okawaru
     0 | D:1      | 0 ||| qw: Allow faded altars: false
     0 | D:1      | 0 ||| qw: Do Orc after clearing Dungeon:15 true
     0 | D:1      | 0 ||| qw: Do second Lair branch before Depths: true
     0 | D:1      | 0 ||| qw: Lair rune preference: random
     0 | D:1      | 0 ||| qw: Goals: Normal
     0 | D:1      | 0 ||| PLANNING D:1-11
    35 | D:1      | Found Wycuegy's Antique Armour Shoppe.
    45 | D:1      | 45 ||| SHOPLISTING glowing scarf (152 gold, have 0).
    45 | D:1      | 45 ||| SHOPLISTING ring mail (76 gold, have 0).
    45 | D:1      | 45 ||| SHOPLISTING runed ring mail (133 gold, have 0).
    45 | D:1      | 45 ||| SHOPLISTING scale mail (76 gold, have 0).
   215 | D:1      | Reached XP level 2. HP: 16/16 MP: 4/4
   239 | D:1      | Reached skill level 6 in Ranged Weapons
   491 | D:1      | Found a faded altar of an unknown god.
   860 | D:1      | Reached XP level 3. HP: 20/20 MP: 5/5
   933 | D:1      | 933 ||| UPGRADING to +1 cloak.
   938 | D:1      | 938 ||| READING 3 scrolls labelled SETHRO CUNWEDIGAR.
   942 | D:1      | 942 ||| READING scroll labelled TODETEDESK.
   943 | D:1      | 943 ||| READING scroll labelled DIZUSTOERA.
   943 | D:1      | 943 ||| ENCHANTING +1 cloak.
   944 | D:1      | 944 ||| READING scroll labelled ULOAG KAOSM.
   945 | D:1      | 945 ||| READING scroll labelled PUKADECKAD.
   946 | D:1      | 946 ||| READING scroll labelled EDUFEO CIJEHU.
  1047 | D:1      | 1047 ||| DROPPING scroll of butterflies.
  1223 | D:2      | Reached skill level 7 in Ranged Weapons
  1423 | D:2      | Reached XP level 4. HP: 25/25 MP: 6/6
  1442 | D:2      | HP: 6/25 [gnoll/+0 club (1)]
  1443 | D:2      | 1443 ||| READING 3 scrolls of teleportation.
  1786 | D:2      | Reached skill level 8 in Ranged Weapons
  1852 | D:2      | 1852 ||| UPGRADING to +0 ring mail.
  1862 | D:2      | 1862 ||| DROPPING +0 leather armour.
  1863 | D:2      | 1863 ||| DROPPING ring of wizardry.
  1864 | D:2      | 1864 ||| UPGRADING to +6 ring of dexterity.
  1865 | D:2      | 1865 ||| READING scroll labelled ACATHR TOFUGUXTI.
  2029 | D:3      | Found a white marble altar of Elyvilon.
  2078 | D:3      | Reached XP level 5. HP: 29/29 MP: 7/7
  2119 | D:3      | Reached skill level 3 in Dodging
  2519 | D:3      | Found a sacrificial altar of Ru.
  2678 | D:3      | 2678 ||| UPGRADING to +0 helmet.
  2683 | D:3      | 2683 ||| UPGRADING to ring of poison resistance.
  2684 | D:3      | 2684 ||| READING scroll labelled BOISOU DELLA.
  2684 | D:3      | 2684 ||| IDENTIFYING bubbling puce potion
  2685 | D:3      | 2685 ||| DROPPING potion of berserk rage.
  2693 | D:4      | Found Maxtahi's Weapon Emporium.
  2696 | D:4      | 2696 ||| STAIRDANCE
  2714 | D:4      | 2714 ||| STAIRDANCE
  2744 | D:4      | 2744 ||| BUYING +0 arbalest (58 gold).
  2744 | D:4      | Bought a +0 arbalest for 58 gold pieces
  2744 | D:4      | 2744 ||| SWAPPING to +0 arbalest.
  2745 | D:4      | 2745 ||| DROPPING +0 shortbow.
  2758 | D:4      | Reached skill level 9 in Ranged Weapons
  2778 | D:4      | Noticed a phantom
  2782 | D:4      | Killed a phantom
  2783 | D:4      | Reached XP level 6. HP: 36/36 MP: 8/8
  2818 | D:4      | Reached skill level 1 in Armour
  2854 | D:4      | 2854 ||| FLEEEEING.
  2855 | D:4      | 2855 ||| FLEEEEING.
  2856 | D:4      | 2856 ||| FLEEEEING.
  2857 | D:4      | 2857 ||| FLEEEEING.
  2860 | D:4      | 2860 ||| FLEEEEING.
  2861 | D:4      | 2861 ||| FLEEEEING.
  2862 | D:4      | 2862 ||| FLEEEEING.
  2863 | D:4      | 2863 ||| FLEEEEING.
  2864 | D:4      | 2864 ||| FLEEEEING.
  2865 | D:4      | 2865 ||| FLEEEEING.
  2866 | D:4      | 2866 ||| FLEEEEING.
  2881 | D:4      | HP: 8/36 [something/magic dart (4)]
  3021 | D:4      | Reached skill level 10 in Ranged Weapons
  3021 | D:4      | Reached XP level 7. HP: 40/40 MP: 9/9
  3107 | D:4      | Identified the +0 helmet of the Game of Life {rElec Will+++
                  | Str-3 SInv}
  3317 | D:4      | HP: 6/40 [ogre/+0 giant spiked club (20)]
  3318 | D:4      | 3318 ||| READING 2 scrolls of teleportation.
  3320 | D:4      | Reached skill level 11 in Ranged Weapons
  3464 | D:4      | Found a hide-covered altar of Uskayaw.
  3631 | D:4      | 3631 ||| UPGRADING to +0 helmet of the Game of Life {rElec
                  | Will+++ Str-3 SInv}.
  3641 | D:4      | 3641 ||| UPGRADING to +0 pair of gloves.
  3646 | D:4      | 3646 ||| READING 3 scrolls of identify.
  3646 | D:4      | 3646 ||| IDENTIFYING sedimented sapphire potion
  3647 | D:4      | 3647 ||| READING 2 scrolls of identify.
  3647 | D:4      | 3647 ||| IDENTIFYING sedimented cyan potion
  3648 | D:4      | 3648 ||| READING scroll of identify.
  3648 | D:4      | 3648 ||| IDENTIFYING bubbling pink potion
  3649 | D:4      | 3649 ||| READING scroll labelled JEUDIBBAGY.
  3650 | D:4      | 3650 ||| READING scroll labelled OREANA DIJUJURR.
  3651 | D:4      | 3651 ||| DROPPING potion of degeneration.
  3690 | D:5      | Entered Level 5 of the Dungeon
  3777 | D:5      | Reached skill level 12 in Ranged Weapons
  3777 | D:5      | Reached XP level 8. HP: 39/45 MP: 10/10
  3932 | D:5      | Reached skill level 3 in Fighting
  4062 | D:5      | Noticed Prince Ribbit
  4066 | D:5      | 4066 ||| DRINKING potion of haste.
  4072 | D:5      | 4072 ||| FLEEEEING.
  4073 | D:5      | 4073 ||| FLEEEEING.
  4076 | D:5      | 4076 ||| FLEEEEING.
  4077 | D:5      | 4077 ||| FLEEEEING.
  4078 | D:5      | 4078 ||| FLEEEEING.
  4080 | D:5      | 4080 ||| FLEEEEING.
  4083 | D:5      | 4083 ||| FLEEEEING.
  4084 | D:5      | 4084 ||| FLEEEEING.
  4085 | D:5      | 4085 ||| FLEEEEING.
  4086 | D:5      | 4086 ||| FLEEEEING.
  4087 | D:5      | 4087 ||| FLEEEEING.
  4090 | D:5      | 4090 ||| FLEEEEING.
  4091 | D:5      | 4091 ||| FLEEEEING.
  4092 | D:5      | 4092 ||| FLEEEEING.
  4093 | D:5      | 4093 ||| FLEEEEING.
  4094 | D:5      | 4094 ||| FLEEEEING.
  4095 | D:5      | 4095 ||| FLEEEEING.
  4096 | D:5      | 4096 ||| FLEEEEING.
  4097 | D:5      | 4097 ||| FLEEEEING.
  4098 | D:5      | 4098 ||| FLEEEEING.
  4099 | D:5      | 4099 ||| FLEEEEING.
  4100 | D:5      | 4100 ||| FLEEEEING.
  4101 | D:5      | 4101 ||| FLEEEEING.
  4102 | D:5      | 4102 ||| STAIRDANCE
  4154 | D:4      | 4154 ||| READING scroll of identify.
  4154 | D:4      | 4154 ||| IDENTIFYING bubbling cyan potion
  4155 | D:4      | 4155 ||| READING scroll labelled BUPNAOSKIBAE.
  4236 | D:4      | 4236 ||| READING scroll labelled BEYHUT SIVIJAT.
  4237 | D:4      | 4237 ||| DROPPING potion of attraction.
  4304 | D:5      | Killed Prince Ribbit
  4342 | D:5      | Found a radiant altar of Vehumet.
  4413 | D:5      | Reached skill level 13 in Ranged Weapons
  4490 | D:5      | HP: 11/46 [burnt (5)]
  4492 | D:5      | HP: 5/46 [burnt (4)]
  4493 | D:5      | HP: 1/46 [burnt (4)]
  4494 | D:5      | Incinerated by a bombardier beetle

Levels and vault maps discovered:
D:1:      heliophobic_arrival_battle_scene, layout_basic,
          chequers_ecumenical_altar_simple_redux, serial_shops, shop,
          amcnicky_mini_rare_corridor_liquid
D:2:      layout_loops_ring, minmay_small_reverse_x
D:3:      minmay_wonky_spiral, layout_basic, hangedman_ru_absence,
          mainiacjoe_overflow_six_doors_small, roderic_lattice_a,
          reono_crystal_passage, hex_tiny, serial_bayou_pond_d
D:4:      layout_cave_pools, lemuel_doored_altar, nicolae_stop_n_shop_2,
          minmay_increasing_density
D:5:      layout_loops_ring, mainiacjoe_overflow_boulevard,
          hangedman_decor_clover_reticule, columned_hall_lemuel,
          uniq_prince_ribbit1

Skill      XL: |  1  2  3  4  5  6  7  8 |
---------------+-------------------------+-----
Ranged Weapons | 6 7 8 9 10 12 13 | 13.1
Dodging        | 3 4 |  4.5
Fighting       | 2 3 |  3.2
Armour         | 1 |  1.3
Stealth        | |  1.2

Action                     |  1- 3 |  4- 6 |  7- 9 || total
---------------------------+-------+-------+-------++-------
   Fire: Shortbow          |   101 |   130 |       ||   231
         Arbalest          |       |    42 |    94 ||   136
    Use: Scroll            |     6 |     3 |     9 ||    18
         Potion            |       |       |     1 ||     1
 Armour: Leather armour    |    16 |    14 |       ||    30
         Ring mail         |       |    42 |    30 ||    72
  Dodge: Dodged            |    21 |    61 |    28 ||   110

Table legend:
 A = Non-vault XP
 B = Vault XP
 C = Vault XP percentage of total XP
 D = Non-vault monster count
 E = Vault monster count
 F = Vault count percentage of total count
                 A         B        C        D         E       F
            +---------+---------+-------+---------+---------+-------
      Total |    1686 |     484 |  22.3 |     109 |      17 |  13.5
            +---------+---------+-------+---------+---------+-------
        D:1 |      41 |       0 |   0.0 |      24 |       0 |   0.0
        D:2 |     116 |      18 |  13.4 |      25 |       4 |  13.8
        D:3 |     103 |       7 |   6.4 |      21 |       4 |  16.0
        D:4 |     750 |     208 |  21.7 |      28 |       8 |  22.2
        D:5 |     676 |     251 |  27.1 |      11 |       1 |   8.3
            +---------+---------+-------+---------+---------+-------
